 Dungeon Crawl Stone Soup version 0.28.0-53-g5a82cb258f (webtiles) character file.

Game seed: 11689741355858889155

1600 MiltankisOP the Basher (level 8, 0/64 HPs)
             Began as a Demonspawn Abyssal Knight on June 17, 2022.
             Was an Elder of Lugonu.
             Slain by Prince Ribbit (14 damage)
             ... on level 6 of the Dungeon.
             The game lasted 00:11:35 (6195 turns).

MiltankisOP the Basher (Demonspawn Abyssal Knight)  Turns: 6195, Time: 00:11:35

Health: 0/64       AC: 11    Str: 15    XL:     8   Next: 62%
Magic:  9/9        EV:  6    Int: 12    God:    Lugonu [****..]
Gold:   386        SH:  0    Dex: 14    Spells: 7/7 levels left

rFire   . . .      SeeInvis +   p - +10 whip of Coos {vorpal, Drain rN+ SInv}
rCold   . . .      Faith    .   (no shield)
rNeg    + . .      Spirit   .   E - +0 chain mail of Moral Flaws {+Blink}
rPois   .          Reflect  .   i - +0 helmet
rElec   .          Harm     .   (no cloak)
rCorr   .          Rampage  .   (no gloves)
Will    .....                   (no boots)
Stlth   ..........              (no amulet)
HPRegen 0.20/turn               (no ring)
MPRegen 0.11/turn               (no ring)

@: mighty
A: claws 1, yellow scales 1, ignite blood 1, powered by death 1
a: Renounce Religion, Evoke Blink, Depart the Abyss, Bend Space, Banish, Corrupt


You were on level 6 of the Dungeon.
You worshipped Lugonu.
Lugonu was greatly pleased with you.
You visited 1 branch of the dungeon, and saw 6 of its levels.
You visited the Abyss 1 time.
You also visited: Sewer.

You collected 386 gold pieces.

Inventory:

Hand Weapons
 a - a +1 mace
 p - the +10 whip of Coos (weapon) {vorpal, Drain rN+ SInv}
   (You found it on level 4 of the Dungeon)

   It inflicts extra damage upon your enemies.
   rN:        It protects you from negative energy.
   SInv:      It lets you see invisible.
   Drain:     It drains your maximum health when unequipped.
Missiles
 j - a throwing net
Armour
 b - a +0 leather armour
 i - a +0 helmet (worn)
 s - a +0 chain mail
 E - the +0 chain mail of Moral Flaws (worn) {+Blink}
   (You found it on level 6 of the Dungeon)

   +Blink:    It lets you blink.
Jewellery
 h - a ring of flight
 k - a ring of protection from fire
 n - a ring of protection from cold
Wands
 l - a wand of charming (8)
 u - a wand of polymorph (12)
 D - a wand of flame (29)
Scrolls
 c - 7 scrolls of identify {unknown}
 d - a scroll of summoning {unknown}
 g - a scroll of brand weapon {unknown}
 o - a scroll of immolation {unknown}
 q - a scroll of teleportation {unknown}
 v - a scroll of amnesia {unknown}
 x - a scroll of holy word {unknown}
 y - a scroll of torment {unknown}
 A - a scroll of blinking {unknown}
 B - a scroll of noise {unknown}
Potions
 e - 2 potions of haste {unknown}
 f - a potion of magic {unknown}
 m - 2 potions of curing {unknown}
 r - 2 potions of heal wounds {unknown}
 t - 2 potions of might
 w - a potion of berserk rage {unknown}
 z - 2 potions of brilliance
 C - a potion of mutation {unknown}
 F - a potion of lignification {unknown}


   Skills:
 - Level 6.0 Fighting
 + Level 9.0 Maces & Flails
 - Level 1.7 Armour
 - Level 0.8 Dodging
 - Level 2.4 Invocations


You had 7 spell levels left.
You didn't know any spells.
Your spell library contained the following spells:

 Spells                   Type           Power      Damage    Failure   Level
 Summon Guardian Golem    Hex/Summ       0%         N/A       100%        3
 Orb of Destruction       Conj           0%         9d5       100%        7
 Spellforged Servitor     Conj/Summ      0%         N/A       100%        7


Dungeon Overview and Level Annotations

Branches:
Dungeon (6/15)             Temple (0/1) D:5           Sewer (visited)

Altars:
Ashenzari
Nemelex Xobeh
Okawaru
Qazlal
The Shining One

Shops:
D:1 *

Annotations:
D:6 Prince Ribbit


Innate Abilities, Weirdness & Mutations

You have sharp fingernails.
You are partially covered in yellow scales. (AC +2)
Your demonic aura sometimes causes spilled blood to erupt in flames.
You regenerate a little health from kills.


Message History

The black bear is engulfed in blazing flames.
You kill the black bear!
Lugonu accepts your kill.
Your Maces & Flails skill increases to level 9!
No target in view!
Found an iron altar of Okawaru.
You now have 386 gold pieces (gained 13).
Prince Ribbit comes into view.
Prince Ribbit gives a loud, deep croak!
An iguana comes into view.
Prince Ribbit barely misses you. Prince Ribbit hits you.
You completely miss Prince Ribbit. Prince Ribbit hits you!
You closely miss Prince Ribbit.
Prince Ribbit hits you but does no damage.
You whack Prince Ribbit!
Prince Ribbit is moderately wounded.
Prince Ribbit blinks!
You hit the iguana.
The iguana is lightly wounded.
The iguana completely misses you.
You hit the iguana.
The iguana is moderately wounded.
You hit the iguana.
The iguana is severely wounded.
Prince Ribbit hits you but does no damage.
The iguana bites you!
Prince Ribbit hits you but does no damage.
Prince Ribbit hits you!
You miss Prince Ribbit.
Prince Ribbit is moderately wounded.
Prince Ribbit hops awkwardly around.
Prince Ribbit hits you!
* * * LOW HITPOINT WARNING * * *
You feel very mighty all of a sudden. Prince Ribbit barely misses you.
Prince Ribbit hits you but does no damage.
You closely miss the iguana.
The iguana is severely wounded.
Prince Ribbit hits you!
You die...

..............#
#.............#
..♣♣♣♣♣.......#
♣...♣♣♣.....#
...).♣♣♣♣...#
♣....♣..##
♣♣♣♣♣......##
♣♣♣...♣♣♣♣....#
♣..._...♣♣♣@..#
........#...Fl○.#
###..####.......#
##.######......#
..^............#
##########>.....#
########


You could see Prince Ribbit and an iguana.

Vanquished Creatures
  Pikel (D:6)
  Eustachio (D:6)
  A black bear (D:6)
  A centaur (D:5)
  A phantom (D:4)
  Blork the orc (D:6)
  A scorpion (D:5)
  5 wights (D:4)
  An orc priest (D:5)
  A centaur skeleton (D:5)
  2 jellies (Sewer)
  An iguana (D:5)
  A hound skeleton (D:4)
  Robin (D:3)
  A gnoll (D:1)
  A howler monkey skeleton (D:6)
  8 adders
  3 river rats
  A shadow imp (D:5)
  2 worms
  A dart slug (D:4)
  8 orcs
  6 bats
  18 endoplasms
  13 giant cockroaches
  12 goblins
  10 hobgoblins
  5 jackals (D:1)
  5 quokkas
  12 ball pythons
  4 frilled lizards
  8 kobolds
  A quokka skeleton (D:4)
  10 rats
148 creatures vanquished.

Notes
Turn   | Place    | Note
-------+----------+-------------------------------------------
     0 | Abyss:1  | MiltankisOP the Demonspawn Abyssal Knight began the quest
                  | for the Orb.
     0 | Abyss:1  | Reached XP level 1. HP: 18/18 MP: 2/2
    11 | D:1      | Escaped the Abyss
    14 | D:1      | Found a runed translucent door.
   132 | D:1      | Found a faded altar of an unknown god.
   265 | D:1      | Gained mutation: Your demonic aura sometimes causes spilled
                  | blood to erupt in flames. [demonic ancestry]
   265 | D:1      | Reached XP level 2. HP: 21/24 MP: 3/3
   421 | D:1      | Found Voisto's General Store.
   589 | D:1      | Gained mutation: You are partially covered in yellow
                  | scales. (AC +2) [demonic ancestry]
   589 | D:1      | Reached XP level 3. HP: 17/30 MP: 4/4
  1013 | D:1      | Reached ** piety under Lugonu
  1453 | D:2      | Reached XP level 4. HP: 34/38 MP: 5/5
  1457 | D:2      | Reached skill level 5 in Fighting
  2411 | D:3      | Found a sparkling altar of Nemelex Xobeh.
  2866 | D:3      | Noticed Robin
  2871 | D:3      | Killed Robin
  2872 | D:3      | Gained mutation: You regenerate a little health from kills.
                  | [demonic ancestry]
  2872 | D:3      | Reached XP level 5. HP: 44/46 MP: 6/6
  3121 | D:3      | Reached *** piety under Lugonu
  3654 | D:4      | Noticed a phantom
  3766 | D:4      | Identified the +10 whip of Coos {vorpal, Drain rN+ SInv}
  3809 | D:4      | Killed a phantom
  3810 | D:4      | Reached skill level 2 in Maces & Flails
  4227 | D:4      | Reached skill level 3 in Maces & Flails
  4227 | D:4      | Reached XP level 6. HP: 52/52 MP: 7/7
  4232 | D:4      | Reached skill level 4 in Maces & Flails
  4549 | D:5      | Entered Level 5 of the Dungeon
  4648 | D:5      | Reached skill level 5 in Maces & Flails
  4675 | D:5      | Found a broken altar of Ashenzari.
  4725 | D:5      | Found a stormy altar of Qazlal.
  4793 | D:5      | Reached XP level 7. HP: 58/58 MP: 8/8
  5068 | D:5      | Reached skill level 6 in Maces & Flails
  5225 | D:5      | Found a glowing drain.
  5241 | Sewer    | Entered a sewer
  5295 | Sewer    | Reached **** piety under Lugonu
  5376 | Sewer    | Found a viscous altar of Jiyva.
  5616 | D:5      | Found a staircase to the Ecumenical Temple.
  5686 | D:6      | Noticed Blork the orc
  5697 | D:6      | Killed Blork the orc
  5885 | D:6      | Noticed Pikel
  5916 | D:6      | Killed Pikel
  5917 | D:6      | Reached skill level 8 in Maces & Flails
  5917 | D:6      | Gained mutation: You have sharp fingernails. [demonic
                  | ancestry]
  5917 | D:6      | Reached XP level 8. HP: 51/64 MP: 9/9
  5972 | D:6      | Identified the +0 chain mail of Moral Flaws {+Blink}
  6006 | D:6      | Noticed Eustachio
  6022 | D:6      | Killed Eustachio
  6162 | D:6      | Reached skill level 9 in Maces & Flails
  6165 | D:6      | Found an iron altar of Okawaru.
  6178 | D:6      | Noticed Prince Ribbit
  6195 | D:6      | Slain by Prince Ribbit

Illustrated notes

Levels and vault maps discovered:
D:1:      dpeg_arrival_caged_fury, layout_rooms,
          ebering_ecumenical_altar_petrified, serial_shops, nicolae_diamond_shop
D:2:      layout_loops_ring, basic_altar, minmay_tall_x
D:3:      layout_basic, lemuel_crystal_altar, uniq_robin
D:4:      layout_loops_ring
D:5:      layout_rooms, amcnicky_altar_gilded, mainiacjoe_overflow_24_doors,
          minmay_temple_entry_nine_rooms, portal_sewer_entry_b
D:6:      layout_gridville, mainiacjoe_overflow_catch_the_wave, uniq_grinder,
          uniq_blork_the_orc, uniq_pikel, uniq_sigmund, uniq_eustachio,
          uniq_prince_ribbit1

Skill      XL: |  1  2  3  4  5  6  7  8 |
---------------+-------------------------+-----
Fighting       | 4 5 6 |  6.0
Maces & Flails | 3 5 8 9 |  9.0
Armour         | |  1.7
Dodging        | |  0.8
Invocations    | |  2.4

Action                   |  1- 3 |  4- 6 |  7- 9 || total
-------------------------+-------+-------+-------++-------
Melee: Mace              |   116 |   140 |       ||   256
       Punch             |     2 |     1 |     1 ||     4
       Whip              |       |    46 |   123 ||   169
Evoke: Wand              |       |     3 |     3 ||     6
  Use: Potion            |       |       |     2 ||     2
 Stab: Sleeping          |       |     2 |       ||     2
Armor: Leather armour    |    43 |    85 |       ||   128
       Chain mail        |       |    12 |    71 ||    83
Dodge: Dodged            |    77 |    96 |    49 ||   222
